 Dungeon Crawl Stone Soup version 0.18.1-48-g4cf74bf (webtiles) character file.

94445 Alarkh the Marksmummy (level 15, -24/117 HPs)
             Began as a Mummy Hunter on Aug 15, 2016.
             Was the Champion of Okawaru.
             Annihilated by a phantasmal warrior (37 damage)
             ... led by a death knight
             ... on level 14 of the Dungeon.
             The game lasted 01:05:05 (32631 turns).

Alarkh the Marksmummy (Mummy Hunter)               Turns: 32631, Time: 01:05:06

Health: -24/117    AC: 12    Str: 15    XL:     15   Next: 63%
Magic:  15/15      EV: 16    Int: 17    God:    Okawaru [******]
Gold:   1857       SH:  0    Dex: 13    Spells: 0 memorised, 14 levels left

rFire  . . .     SeeInvis +     a - +2 longbow (freeze)
rCold  + . .     Gourm    .     C - troll hide
rNeg   + + +     Faith    .     (shield currently unavailable)
rPois  ∞         Spirit   .     F - +0 helmet
rElec  .         Dismiss  .     I - +0 cloak of Keobra {SInv Stlth+}
rCorr  .         Reflect  .     p - +2 pair of gloves {archery}
SustAt .         Harm     .     x - +2 pair of boots
MR     +....                    K - amulet of regeneration
Stlth  +++++.....               r - ring of stealth
                                A - ring of protection from fire

@: somewhat resistant to hostile enchantments, quite stealthy
A: no food or potions, fire vulnerability, cold resistance 1, negative energy
resistance 3, torment resistance, unbreathing, in touch with death 1, restore
body
a: Self-Restoration, Heroism, Finesse, Renounce Religion


You were on level 14 of the Dungeon.
You worshipped Okawaru.
Okawaru was exalted by your worship.
You were not hungry.

You visited 3 branches of the dungeon, and saw 23 of its levels.

You collected 2154 gold pieces.
You spent 297 gold pieces at shops.

Inventory:

Hand Weapons
 a - a +2 longbow of freezing (weapon)
 b - a +5 dagger of venom
Missiles
 d - 371 arrows (quivered)
 M - 2 throwing nets
Armour
 p - a +2 pair of gloves of archery (worn)
 u - a +3 leather armour
 x - a +2 pair of boots (worn)
 C - a troll hide (worn)
 D - a +1 pair of gloves
 F - a +0 helmet (worn)
 I - the +0 cloak of Keobra (worn) {SInv Stlth+}
   (You found it on level 8 of the Lair of Beasts)

   It lets you see invisible.
   It makes you more stealthy.
Magical Staves
 w - an uncursed staff of earth
Jewellery
 h - an uncursed ring of wizardry
 i - an uncursed ring of protection from magic
 r - a ring of stealth (right hand)
 t - an uncursed ring of resist corrosion
 A - a ring of protection from fire (left hand)
 E - an uncursed ring of protection from cold
 K - an amulet of regeneration (around neck)
Wands
 c - a wand of slowing (17/48)
 l - a wand of enslavement (15/24)
 q - a wand of heal wounds (5/9)
 s - a wand of polymorph (19/24)
 v - a wand of paralysis (5/24)
 y - a wand of disintegration (13/24)
Scrolls
 e - 3 scrolls of magic mapping
 f - 8 scrolls of identify
 g - 4 scrolls of fog
 j - 2 scrolls of fear
 k - a scroll of blinking
 m - 6 scrolls of recharging
 n - a scroll of brand weapon
 o - a scroll of amnesia
 z - 6 scrolls of remove curse
 B - a scroll of torment
Miscellaneous
 G - a crystal ball of energy


   Skills:
 + Level 10.4 Fighting
 * Level 17.5 Bows
 + Level 9.0 Armour
 + Level 8.7 Dodging
 + Level 5.0 Stealth


You had 14 spell levels left.
You didn't know any spells.

Dungeon Overview and Level Annotations

Branches:
Dungeon (14/15)            Temple (1/1) D:4            Lair (8/8) D:8
 Shoals (0/4) Lair:3        Snake (0/4) Lair:6        Slime (0/6) Lair:8
    Orc (0/2) D:12         Vaults (0/5) D:13

Altars:
Ashenzari
Cheibriados
Dithmenos
Elyvilon
Fedhas
Kikubaaqudgha
Makhleb
Nemelex Xobeh
Okawaru
Pakellas
Qazlal
Sif Muna
Trog
Vehumet
Xom
Yredelemnul
Zin
The Shining One
Jiyva
Lugonu

Shops:
D:6 [

Annotations:
D:7 exclusion: ice statue
Lair:7 1 exclusion
Lair:8 1 runed door, exclusion: door


Innate Abilities, Weirdness & Mutations

You do not eat or drink.
Your flesh is vulnerable to fire.
You are immune to poison.
Your flesh is cold resistant.
You are immune to negative energy.
You are immune to unholy pain and torment.
You can survive without breathing.
You are in touch with the powers of death.
You can restore your body by infusing magical energy.


Message History

The freezing wraith is severely damaged.
The phantasmal warrior hits you!! The freezing wraith closely misses you.
The freezing wraith hits you!
* * * LOW HITPOINT WARNING * * *
Firing (i - inventory. (,) - cycle):
d - 373 arrows (quivered)
Press: ? - help, Shift-Dir - straight line, f/p - freezing wraith
Aim: a freezing wraith (severely damaged)
You shoot an arrow. The arrow hits the freezing wraith!
You destroy the freezing wraith!
Okawaru accepts your kill.
You feel yourself speed up. The phantasmal warrior hits you!!
* * * LOW HITPOINT WARNING * * *
Firing (i - inventory. (,) - cycle):
d - 372 arrows (quivered)
Press: ? - help, Shift-Dir - straight line, f - phantasmal warrior
Aim: a phantasmal warrior (lightly damaged)
You shoot an arrow.
The arrow closely misses the phantasmal warrior.
The phantasmal warrior hits you!!!
You die...

##..## ##..#
##(.## ##.##
##..## #..#
##..## #..#
##..## ##..#
##..## #...#
##..## #...#
##W.###..###
##@.#...#.##
##(.(.....##
##........#
##.......#
##.....##
#.....#
##(..##
#(.(...
((###..#


You could see a phantasmal warrior.

Vanquished Creatures
  Rupert (Lair:6)
  A vault guard (D:13)
  2 ice dragons (Lair:8)
  A yaktaur captain (D:12)
  13 hydras
  4 centaur warriors
  The ghost of ThereIsNoGod the Cleaver, a novice MiGl of Makhleb (D:10)
  A death knight (D:14)
  A tengu warrior (D:13)
  12 death yaks
  4 skeletal warriors (D:13)
  2 unseen horrors
  7 hill giants
  A lindwurm (Lair:8)
  Pikel (D:8)
  4 manticores
  An oklob plant (Lair:6)
  10 ugly things
  A cyclops (D:14)
  9 elephants
  10 black mambas
  5 torpor snails (Lair:8)
  18 spiny frogs
  A gargoyle (D:12)
  A kobold demonologist (D:12)
  5 rime drakes
  2 freezing wraiths (D:14)
  3 tengu conjurers
  8 komodo dragons
  6 trolls
  7 giant leeches (Lair:8)
  3 two-headed ogres
  Grinder (D:3)
  A boulder beetle (Lair:8)
  19 blink frogs
  Sigmund (D:2)
  3 slime creatures (D:13)
  3 wyverns
  A spriggan (D:7)
  A vampire (D:14)
  54 yaks
  4 basilisks
  A hungry ghost (D:14)
  A steam dragon (Lair:3)
  5 vampire mosquitoes (D:11)
  10 hippogriffs
  Grum (D:9)
  3 mottled dragons
  3 nagas (Lair:6)
  18 water moccasins
  2 soldier ants
  10 porcupines
  10 orc warriors
  5 sky beasts
  An ogre (D:12)
  3 eyes of draining
  4 ice beasts
  2 phantoms (D:4)
  A slave (D:7)
  26 wolves
  4 wasps (Lair:8)
  7 centaurs
  18 crocodiles
  3 big kobolds
  28 giant frogs
  2 water moccasin skeletons (D:4)
  A wyvern skeleton (D:10)
  8 scorpions
  15 killer bees
  5 howler monkeys
  6 wights
  2 electric eels (Lair:3)
  8 crimson imps
  A quasit (D:10)
  A centaur zombie (D:7)
  6 jellies
  18 orc priests
  8 hounds
  18 orc wizards
  4 giant frog skeletons
  A centaur skeleton (D:8)
  11 iguanas
  9 worker ants
  29 sheep
  A killer bee zombie (D:9)
  3 worker ant zombies
  3 gnolls (D:7)
  A howler monkey skeleton (D:8)
  18 adders
  90 river rats
  2 shadow imps
  2 white imps (Lair:7)
  An ooze (D:3)
  An adder zombie (D:5)
  20 worms
  4 dart slugs
  2 giant geckos
  57 orcs
  5 giant cockroaches
  9 hobgoblins
  14 jackals
  14 kobolds
  11 quokkas
  2 ball pythons
  8 bats
  A giant gecko skeleton (D:4)
  4 giant newts
  7 goblins
  A jackal skeleton (D:9)
  A quokka skeleton (D:6)
  A quokka zombie (D:8)
  9 rats
  A bush (Lair:8)
  6 fungi
  6 plants
858 creatures vanquished.

Vanquished Creatures (others)
  A wizard (D:5)
  2 giant frogs (D:10)
  A crimson imp (D:8)
  An orc wizard (D:11)
  An adder (D:11)
  35 fungi
  36 plants
77 creatures vanquished.

Grand Total: 935 creatures vanquished

Notes
Turn   | Place    | Note
--------------------------------------------------------------
     0 | D:1      | Alarkh the Mummy Hunter began the quest for the Orb.
     0 | D:1      | Reached XP level 1. HP: 16/16 MP: 1/1
   171 | D:1      | Reached XP level 2. HP: 22/22 MP: 2/2
   493 | D:1      | Reached skill level 4 in Bows
   650 | D:2      | Reached XP level 3. HP: 18/27 MP: 3/3
   655 | D:2      | Found a burning altar of Makhleb.
   780 | D:2      | Found an ancient bone altar of Kikubaaqudgha.
   780 | D:2      | Found a blossoming altar of Fedhas.
  1130 | D:2      | Noticed Sigmund
  1540 | D:3      | Noticed a black bear
  1907 | D:2      | Reached XP level 4. HP: 12/33 MP: 4/4
  2258 | D:3      | Reached skill level 5 in Bows
  2350 | D:2      | Reached XP level 5. HP: 36/38 MP: 5/5
  2728 | D:3      | Found a radiant altar of Vehumet.
  2921 | D:3      | Noticed Grinder
  2926 | D:3      | Paralysed by Grinder for 2 turns
  2979 | D:3      | Killed Grinder
  2979 | D:3      | Reached skill level 6 in Bows
  2979 | D:3      | Reached XP level 6. HP: 25/44 MP: 6/6
  3747 | D:2      | Killed Sigmund
  3747 | D:2      | Reached skill level 7 in Bows
  3747 | D:2      | Reached XP level 7. HP: 43/50 MP: 7/7
  4607 | D:4      | Found a staircase to the Ecumenical Temple.
  4636 | Temple   | Entered the Ecumenical Temple
  4791 | D:4      | Reached skill level 8 in Bows
  5181 | D:4      | Reached XP level 8. HP: 35/56 MP: 8/8
  5462 | D:5      | Entered Level 5 of the Dungeon
  5811 | D:5      | Reached skill level 9 in Bows
  6091 | D:5      | Found a stormy altar of Qazlal.
  6152 | D:5      | Found a bloodstained altar of Trog.
  6153 | D:5      | Noticed a wizard
  6159 | D:5      | Killed a wizard
  6606 | D:6      | Found an iron altar of Okawaru.
  6664 | D:6      | Became a worshipper of Warmaster Okawaru
  6775 | D:6      | Found a snail-covered altar of Cheibriados.
  6817 | D:6      | Found a white marble altar of Elyvilon.
  6977 | D:6      | Found Wemuq's Antique Armour Emporium.
  6995 | D:6      | Bought a pair of glowing gloves for 99 gold pieces
  6995 | D:6      | Bought a warped ring mail for 198 gold pieces
  7005 | D:6      | Identified the cursed +0 ring mail of Kikubaaqudgha's Envy {Str-2 Int+4 Stlth+} (You bought it in a shop on level 6 of the Dungeon)
  7044 | D:6      | Reached skill level 10 in Bows
  7209 | D:6      | Found a glowing golden altar of the Shining One.
  7756 | D:7      | Reached XP level 9. HP: 61/61 MP: 9/9
  7835 | D:7      | Reached * piety under Okawaru
  7884 | D:7      | Noticed an ice statue
  8247 | D:7      | Reached skill level 11 in Bows
  8504 | D:7      | Found a deep blue altar of Sif Muna.
  8637 | D:7      | HP: 3/61 [spriggan baker/dagger (3)]
  9497 | D:8      | Reached ** piety under Okawaru
  9786 | D:8      | Reached skill level 12 in Bows
  9948 | D:8      | Found a staircase to the Lair.
 10273 | D:8      | Noticed Pikel
 10403 | D:8      | Killed Pikel
 10403 | D:8      | Reached XP level 10. HP: 67/67 MP: 10/10
 10656 | D:8      | Killed an unseen horror
 11239 | Lair:1   | Entered Level 1 of the Lair of Beasts
 11253 | Lair:1   | Noticed a spiny frog
 11301 | D:9      | Reached *** piety under Okawaru
 11647 | D:9      | Reached skill level 13 in Bows
 11974 | D:9      | Noticed Grum
 12075 | D:9      | Killed Grum
 12643 | D:9      | Reached **** piety under Okawaru
 12854 | D:9      | Found a stormy altar of Qazlal.
 13296 | D:10     | Entered Level 10 of the Dungeon
 13403 | D:10     | Found an oddly glowing altar of Pakellas.
 13639 | D:10     | Received a gift from Okawaru
 13639 | D:10     | Reached skill level 1 in Armour
 13823 | D:10     | Killed an unseen horror
 13823 | D:10     | Reached XP level 11. HP: 21/75 MP: 11/11
 14157 | D:10     | Noticed ThereIsNoGod's ghost (novice MiGl)
 14540 | D:10     | Received a gift from Okawaru
 14750 | D:9      | Reached skill level 14 in Bows
 14945 | Lair:1   | Reached ***** piety under Okawaru
 14945 | Lair:1   | Received a gift from Okawaru
 15423 | Lair:1   | Received a gift from Okawaru
 15975 | Lair:1   | Received a gift from Okawaru
 16965 | Lair:1   | Received a gift from Okawaru
 17056 | Lair:2   | Reached skill level 5 in Fighting
 17228 | Lair:2   | Reached XP level 12. HP: 77/86 MP: 12/12
 17342 | Lair:2   | Received a gift from Okawaru
 17347 | Lair:2   | Noticed a five-headed hydra
 17358 | Lair:2   | Killed a five-headed hydra
 17910 | Lair:2   | Received a gift from Okawaru
 18483 | Lair:3   | Reached ****** piety under Okawaru
 18483 | Lair:3   | Reached skill level 15 in Bows
 18658 | Lair:3   | Noticed a four-headed hydra
 18687 | Lair:3   | Killed a four-headed hydra
 18873 | Lair:3   | Found a staircase to the Shoals.
 18945 | Lair:3   | You fall through a shaft for 2 floors!
 18970 | Lair:5   | Reached skill level 5 in Dodging
 19092 | Lair:5   | Found an ancient bone altar of Kikubaaqudgha.
 19103 | Lair:5   | Reached skill level 5 in Armour
 19128 | Lair:5   | Received a gift from Okawaru
 19378 | Lair:5   | Noticed a death yak
 19379 | Lair:5   | Noticed a death yak
 19379 | Lair:5   | Noticed a death yak
 19393 | Lair:5   | Killed a death yak
 19423 | Lair:5   | Killed a death yak
 19446 | Lair:5   | Noticed a death yak
 19463 | Lair:5   | Noticed a death yak
 19485 | Lair:5   | Noticed a death yak
 19506 | Lair:5   | Killed a death yak
 19551 | Lair:5   | Noticed a six-headed hydra
 19770 | Lair:5   | Killed a six-headed hydra
 19967 | Lair:5   | Gained mutation: You are in touch with the powers of death. [Mummy growth]
 19967 | Lair:5   | Gained mutation: You can restore your body by infusing magical energy. [Mummy growth]
 19967 | Lair:5   | Reached XP level 13. HP: 95/95 MP: 13/13
 21119 | Lair:4   | Received a gift from Okawaru
 22967 | Lair:6   | Reached skill level 16 in Bows
 22969 | Lair:6   | Noticed Rupert
 22999 | Lair:6   | Killed Rupert
 23334 | Lair:6   | Found a staircase to the Snake Pit.
 24162 | Lair:6   | Received a gift from Okawaru
 24213 | Lair:5   | Reached XP level 14. HP: 60/106 MP: 14/14
 25969 | Lair:8   | Entered Level 8 of the Lair of Beasts
 25985 | Lair:8   | Reached skill level 1 in Stealth
 26031 | Lair:8   | Found a runed door.
 26031 | Lair:8   | Found a viscous altar of Jiyva.
 26106 | Lair:8   | Noticed an azure jelly
 26107 | Lair:8   | Found a staircase to the Slime Pits.
 26107 | Lair:8   | Noticed an azure jelly
 26108 | Lair:8   | Noticed an azure jelly
 26128 | Lair:8   | Found a runed door.
 26147 | Lair:8   | Received a gift from Okawaru
 26147 | Lair:8   | HP: 3/106 [ice dragon/blast of cold (18)]
 27230 | Lair:8   | Received a gift from Okawaru
 27929 | Lair:8   | Received a gift from Okawaru
 27964 | Lair:8   | Got a steaming cloak
 27965 | Lair:8   | Identified the cursed +0 cloak of Keobra {SInv Stlth+} (You found it on level 8 of the Lair of Beasts)
 28515 | Lair:8   | Reached skill level 17 in Bows
 29174 | D:10     | Killed ThereIsNoGod's ghost
 29607 | D:11     | Received a gift from Okawaru
 29796 | D:11     | Reached XP level 15. HP: 82/115 MP: 15/15
 30024 | D:12     | Found a staircase to the Orcish Mines.
 30282 | D:12     | Received a gift from Okawaru
 30609 | D:12     | Reached skill level 10 in Fighting
 30692 | D:12     | Found a runed door.
 31758 | D:13     | Received a gift from Okawaru
 31790 | D:13     | Found a gate to the Vaults.
 32160 | D:14     | Received a gift from Okawaru
 32551 | D:14     | Received a gift from Okawaru
 32609 | D:14     | Reached skill level 5 in Stealth
 32631 | D:14     | Annihilated by a phantasmal warrior

Skill      XL: |  1  2  3  4  5  6  7  8  9 10 11 12 13 14 15 |
---------------+----------------------------------------------+-----
Bows           | 4 5 6 7 8 10 12 13 14 15 16 17 | 17.5
Armour         | 1 3 5 7 8 9 |  9.0
Fighting       | 3 5 6 8 9 10 | 10.4
Dodging        | 4 5 7 8 |  8.7
Stealth        | 3 5 |  5.0

Action                   |  1- 3 |  4- 6 |  7- 9 | 10-12 | 13-15 || total
-------------------------+-------+-------+-------+-------+-------++-------
Melee: Dagger            |       |       |   278 |   116 |    96 ||   490
       Shortbow          |       |       |       |     2 |       ||     2
       Punch             |       |       |       |     1 |       ||     1
 Fire: Shortbow          |   137 |   148 |   364 |  1095 |  1167 ||  2911
       Longbow           |       |       |       |       |   716 ||   716
Invok: Heroism           |       |       |       |     8 |     8 ||    16
       Finesse           |       |       |       |       |     2 ||     2
Evoke: Wand              |       |       |       |       |     1 ||     1
  Use: Scroll            |     4 |     2 |    13 |    13 |     8 ||    40
 Stab: Sleeping          |       |       |     1 |       |       ||     1
Armor: Leather armour    |    17 |    10 |   123 |   148 |   134 ||   432
       Troll hide        |       |       |       |       |    29 ||    29
Dodge: Dodged            |    36 |    39 |   230 |   219 |   321 ||   845
